 Dungeon Crawl Stone Soup version 0.28-a0-577-gb193047a1f (webtiles) character file.

Game seed: 9595187366171835483

1010 Gwenloh the Cudgeller (level 8, 0/51 HPs)
             Began as a Gargoyle Fighter on Oct 1, 2021.
             Killed from afar by a white imp (3 damage)
             ... with a puff of frost
             ... on level 5 of the Dungeon.
             The game lasted 00:08:44 (4060 turns).

Gwenloh the Cudgeller (Gargoyle Fighter)            Turns: 4060, Time: 00:08:45

Health: 0/51       AC: 13    Str: 26    XL:     8   Next: 21%
Magic:  8/8        EV: 10    Int:  9    God:
Gold:   163        SH:  4    Dex: 11    Spells: 7/7 levels left

rFire   + . .      SeeInvis .   l - +2 morningstar (freeze)
rCold   . . .      Faith    .   c - +0 buckler
rNeg    + . .      Spirit   .   b - +0 scale mail
rPois   ∞          Reflect  .   (no helmet)
rElec   +          Harm     .   (no cloak)
rCorr   .          Rampage  .   (no gloves)
Will    .....                   (no boots)
Stlth   ..........              (no amulet)
HPRegen 0.17/turn               h - +6 ring of strength
MPRegen 0.11/turn               r - ring of protection from fire

@: no status effects
A: sickness immunity, AC +5, negative energy resistance 1, electricity
resistance, torment resistance 1, petrification resistance
a: no special abilities


You were on level 5 of the Dungeon.
You visited 1 branch of the dungeon, and saw 5 of its levels.

You collected 163 gold pieces.

Inventory:

Hand Weapons
 a - a +0 flail
 l - a +2 morningstar of freezing (weapon)
 w - the +2 mace "Olebb" {venom, Str+5}
   (You found it on level 4 of the Dungeon)

   It poisons the flesh of those it strikes.
   Str:       It affects your strength (+5).
Missiles
 g - 222 stones
 j - 7 poisoned darts
 q - 3 boomerangs (quivered)
Armour
 b - a +0 scale mail (worn)
 c - a +0 buckler (worn)
 d - a +0 pair of gloves
 v - a +1 cloak
Jewellery
 f - a ring of ice
 h - a +6 ring of strength (left hand)
 r - a ring of protection from fire (right hand)
Scrolls
 i - 3 scrolls of enchant weapon {unknown}
 m - 4 scrolls of identify {unknown}
 o - a scroll of immolation {unknown}
 p - 2 scrolls of teleportation {unknown}
 t - a scroll of silence {unknown}
 u - 3 scrolls of torment {unknown}
Potions
 e - 2 potions of degeneration {unknown}
 k - 4 potions of curing {unknown}
 n - a potion of flight {unknown}
 s - 2 potions of ambrosia {unknown}


   Skills:
 + Level 5.9 Fighting
 * Level 6.7 Maces & Flails
 + Level 5.9 Armour
 - Level 4.0 Shields


You had 7 spell levels left.
You didn't know any spells.
Your spell library contained the following spells:

 Spells                   Type           Power      Damage    Failure   Level
 Foxfire                  Conj/Fire      0%         2x1d4     65%         1
 Conjure Flame            Conj/Fire      0%         6-21      95%         3
 Inner Flame              Hex/Fire       0%         N/A       95%         3
 Portal Projectile        Hex/Tloc       0%         N/A       95%         3
 Flame Wave               Conj/Fire      0%         3d3       100%        4
 Blade Hands              Tmut           0%         N/A       100%        5
 Excruciating Wounds      Necr           0%         N/A       100%        5


Dungeon Overview and Level Annotations

Branches:
Dungeon (5/15)
 Temple: D:4-7

Altars:
Elyvilon
Ru
Yredelemnul


Innate Abilities, Weirdness & Mutations

You are immune to sickness and miasma.
Your stone body is resilient. (AC +5)
You are immune to poison.
You resist negative energy. (rN+)
You are resistant to electric shocks. (rElec)
You are resistant to unholy torment.
You are immune to petrification.


Message History

You completely miss the white imp.
The white imp is almost dead.
The ogre shouts!
The white imp gestures at you.
The puff of frost hits you but does no damage.
You completely miss the white imp.
The white imp is almost dead.
The white imp gestures at you.
The puff of frost hits you but does no damage.
The white imp gestures at you.
The puff of frost hits you but does no damage.
You closely miss the white imp.
The white imp is almost dead.
The orc priest invokes the aid of Beogh against you.
Pain shoots through your body!
* * * LOW HITPOINT WARNING * * *
You block the white imp's attack.
You closely miss the white imp.
The white imp is severely wounded.
The white imp hits you.
* * * LOW HITPOINT WARNING * * *
The white imp freezes you.
* * * LOW HITPOINT WARNING * * *
The orc priest hits you but does no damage.
You closely miss the orc priest. The white imp barely misses you.
The orc priest hits you with a +0 mace.
* * * LOW HITPOINT WARNING * * *
You hit the orc priest but do no damage.
The white imp closely misses you.
The orc priest mumbles some strange prayers to Beogh against you.
Pain shoots through your body!
* * * LOW HITPOINT WARNING * * *
Your scale mail prevents you from hitting the orc priest.
You block the white imp's attack.
The orc priest hits you but does no damage.
You hit the orc priest. You freeze the orc priest.
The orc priest is moderately wounded.
The white imp gestures at you. The puff of frost hits you.
You die...

.. ##.#
#... #..
#.. #O#
#o# #@#
#5# #o#
#.# #)#
#.###
#...#
#.#####.#
#.....#.#


You could see an ogre, an orc priest, a white imp and an orc.

Vanquished Creatures
  A water moccasin (D:4)
  Duvessa (D:4)
  A phantom (D:5)
  Dowan (D:4)
  3 scorpions
  A bullfrog skeleton (D:4)
  Crazy Yiuf (D:4)
  2 jellies
  An iguana (D:4)
  Natasha (thrice) (D:4)
  4 orc wizards
  A hound skeleton (D:4)
  7 adders
  An adder skeleton (D:4)
  2 worms (D:2)
  8 orcs
  8 ball pythons
  9 endoplasms
  3 goblins
  5 hobgoblins
  6 jackals (D:2)
  4 kobolds
  4 quokkas
  9 bats
  2 frilled lizards
  6 rats
94 creatures vanquished.

Vanquished Creatures (others)
  An orc wizard (D:5)
1 creature vanquished.

Grand Total: 95 creatures vanquished

Notes
Turn   | Place    | Note
-------+----------+-------------------------------------------
     0 | D:1      | Gwenloh the Gargoyle Fighter began the quest for the Orb.
     0 | D:1      | Reached XP level 1. HP: 14/14 MP: 1/1
   190 | D:1      | Reached XP level 2. HP: 17/19 MP: 2/2
   427 | D:1      | Found a faded altar of an unknown god.
   812 | D:2      | Reached XP level 3. HP: 20/23 MP: 3/3
  1322 | D:2      | Reached skill level 3 in Maces & Flails
  1511 | D:3      | Reached XP level 4. HP: 29/29 MP: 4/4
  1747 | D:3      | Reached XP level 5. HP: 20/33 MP: 5/5
  2172 | D:3      | Found a white marble altar of Elyvilon.
  2172 | D:3      | Found a sacrificial altar of Ru.
  2390 | D:3      | Found a basalt altar of Yredelemnul.
  2682 | D:4      | Reached skill level 4 in Maces & Flails
  2810 | D:4      | Reached XP level 6. HP: 38/39 MP: 6/6
  2820 | D:4      | Noticed Duvessa
  2831 | D:4      | Killed Duvessa
  2831 | D:4      | Noticed Dowan
  2839 | D:4      | Killed Dowan
  2840 | D:4      | Reached skill level 5 in Maces & Flails
  3065 | D:4      | Noticed Natasha
  3069 | D:4      | Killed Natasha
  3094 | D:4      | Reached XP level 7. HP: 43/44 MP: 7/7
  3221 | D:4      | Reached skill level 5 in Fighting
  3221 | D:4      | Reached skill level 5 in Armour
  3287 | D:4      | Noticed Natasha
  3294 | D:4      | Killed Natasha
  3387 | D:4      | Found a runed translucent door.
  3387 | D:4      | Noticed Natasha
  3387 | D:4      | Noticed Crazy Yiuf
  3540 | D:4      | Reached skill level 6 in Maces & Flails
  3795 | D:4      | Killed Crazy Yiuf
  3797 | D:4      | Killed Natasha
  3803 | D:4      | Identified the +2 mace "Olebb" {venom, Str+5}
  3877 | D:5      | Entered Level 5 of the Dungeon
  3887 | D:5      | Reached XP level 8. HP: 47/50 MP: 8/8
  4060 | D:5      | Killed from afar by a white imp

Illustrated notes

Levels and vault maps discovered:
D:1:      minmay_arrival_solitary_statue, layout_basic,
          hellmonk_ecumenical_altar_prayer_group
D:2:      layout_rooms
D:3:      layout_loops_ring, mainiacjoe_overflow_alcove_4,
          mainiacjoe_overflow_divided_tiny, hangedman_glass_teeth,
          kennysheep_path_1
D:4:      layout_loops_cross, minmay_snake_closets, uniq_crazy_yiuf_cottage,
          uniq_duvessa, uniq_natasha
D:5:      layout_basic, nicolae_wooded_promenade

Skill      XL: |  1  2  3  4  5  6  7 |
---------------+----------------------+-----
Maces & Flails | 3 4 5 6 |  6.7
Fighting       | 4 5 |  5.9
Armour         | 4 5 |  5.9
Shields        | 4 |  4.0

Action                   |  1- 3 |  4- 6 |  7- 9 || total
-------------------------+-------+-------+-------++-------
Melee: Flail             |   100 |       |       ||   100
       Morningstar       |    16 |    84 |   104 ||   204
Throw: Stone             |    83 |    42 |       ||   125
       Dart              |       |    11 |       ||    11
       Boomerang         |       |     9 |    27 ||    36
  Use: Potion            |       |     1 |       ||     1
Armor: Scale mail        |    75 |    40 |    53 ||   168
Dodge: Dodged            |    68 |    31 |    29 ||   128
Block: Buckler           |    28 |    18 |    12 ||    58

Table legend: (Time is in decaauts)
 A = Elapsed time spent in this place.
 B = Non-inter-level travel time spent in this place.
 C = Inter-level travel time spent in this place.
 D = Time resting spent in this place.
 E = Time spent auto-exploring this place.
 F = Levels seen in this place.
 G = Mean time per level.
                   A        B        C        D        E       F      G
               +--------+--------+--------+--------+--------+-----+--------+
         Total |   4161 |   4059 |    102 |     14 |   3185 |   5 |  832.2 |
       Dungeon |   4161 |   4059 |    102 |     14 |   3185 |   5 |  832.2 |
               +--------+--------+--------+--------+--------+-----+--------+

Top non-repeatable levels by time:
     D:4: 1350 daAuts
     D:3: 1117 daAuts
     D:1: 810 daAuts
     D:2: 685 daAuts
     D:5: 198 daAuts
